TOP OF THE 1ST |
Detroit X-Wings batting - Pitching for Indiana Hounds : RHP José Rivera
|
Pitching: RHP José Rivera
|
|
Batting: SHB Felipe Detorres
|
0-0: DOUBLE (Line Drive, 3L)
|
Batting: RHB Gary Witt
|
0-0: Called Strike 0-1: Ball 1-1: Swinging Strike 1-2: Strikes out looking
|
Batting: LHB Juan Jose Pineda
|
0-0: Ball Felipe Detorres steals 3rd base 1-0: Called Strike 1-1: Foul Ball, location: 2F 1-2: Ball 2-2: Foul Ball, location: 2F 2-2: Foul Ball, location: 2F 2-2: Strikes out looking
|
Batting: RHB Albert Chávez
|
0-0: Ball 1-0: Fly out, F3 (Popup, 34S)
|
Top of the 1st over - 0 run(s), 1 hit(s), 0 error(s), 1 left on base; Detroit 0 - Indiana 0 |
BOTTOM OF THE 1ST |
Indiana Hounds batting - Pitching for Detroit X-Wings : RHP Carlos Díaz
|
Pitching: RHP Carlos Díaz
|
|
Batting: LHB Junior Coates
|
0-0: Ball 1-0: Foul Ball, location: 2F 1-1: Called Strike 1-2: Ball 2-2: Foul Ball, location: 2F 2-2: Ball 3-2: Foul Ball, location: 2F 3-2: SINGLE (Line Drive, 4MD)
|
Batting: RHB Carlos Alfaro
|
0-0: Called Strike 0-1: Ball 1-1: Fly out, F8 (Popup, 8RS)
|
Batting: RHB Juan Valverde
|
0-0: Called Strike 0-1: Grounds into double play, 5-4-3 (Groundball, 56)
|
Bottom of the 1st over - 0 run(s), 1 hit(s), 0 error(s), 0 left on base; Detroit 0 - Indiana 0 |
TOP OF THE 2ND |
Detroit X-Wings batting - Pitching for Indiana Hounds : RHP José Rivera
|
Batting: RHB Jorge Cora
|
0-0: Foul Ball, location: 2F 0-1: SINGLE (Line Drive, 6MD)
|
Batting: RHB Enrique Ramírez
|
0-0: SINGLE (Line Drive, 8LS) Jorge Cora to second Runner from 2nd tries for 3rd, SAFE, no throw or cutoff
|
Batting: RHB Marcos Valdés
|
0-0: Ball 1-0: Ball 2-0: Called Strike 2-1: Fly out, F6 (Popup, 6)
|
Batting: SHB Jaime Montés
|
0-0: Grounds into double play, 6-4-3 (Groundball, 6)
|
Top of the 2nd over - 0 run(s), 2 hit(s), 0 error(s), 1 left on base; Detroit 0 - Indiana 0 |
BOTTOM OF THE 2ND |
Indiana Hounds batting - Pitching for Detroit X-Wings : RHP Carlos Díaz
|
Batting: RHB Danny Walker
|
0-0: Ball 1-0: SINGLE (Groundball, 56)
|
Batting: RHB António Venecia
|
0-0: Called Strike Danny Walker steals 2nd base 0-1: Foul Ball, location: 2F 0-2: Ball 1-2: Fly out, F4 (Popup, 4M)
|
Batting: LHB Dave Helásquez
|
0-0: Ball 1-0: Called Strike 1-1: Called Strike 1-2: Foul Ball, location: 2F 1-2: DOUBLE (Groundball, 3L) Danny Walker scores
|
Batting: RHB Marc Ploughman
|
0-0: Ball 1-0: Foul Ball, location: 2F 1-1: Swinging Strike 1-2: Strikes out swinging
|
Batting: LHB Pepe Vázquez
|
0-0: Swinging Strike 0-1: Foul Ball, location: 2F 0-2: Strikes out looking
|
Bottom of the 2nd over - 1 run(s), 2 hit(s), 0 error(s), 1 left on base; Detroit 0 - Indiana 1 |
TOP OF THE 3RD |
Detroit X-Wings batting - Pitching for Indiana Hounds : RHP José Rivera
|
Batting: LHB Gonzalo Trujillo
|
0-0: Foul Ball, location: 2F 0-1: Swinging Strike 0-2: Strikes out swinging
|
Batting: SHB Felipe Detorres
|
0-0: Ball 1-0: Called Strike 1-1: DOUBLE (Line Drive, 7LS)
|
Batting: RHB Gary Witt
|
0-0: Swinging Strike 0-1: Ball 1-1: Fly out, F9 (Line Drive, 9M)
|
Batting: LHB Juan Jose Pineda
|
0-0: Swinging Strike 0-1: Ball 1-1: Ball 2-1: Ball 3-1: Swinging Strike 3-2: Base on Balls
|
Batting: RHB Albert Chávez
|
0-0: Ball 1-0: Foul Ball, location: 2F 1-1: Foul Ball, location: 2F 1-2: Fly out, F3 (Popup, 3)
|
Top of the 3rd over - 0 run(s), 1 hit(s), 0 error(s), 2 left on base; Detroit 0 - Indiana 1 |
BOTTOM OF THE 3RD |
Indiana Hounds batting - Pitching for Detroit X-Wings : RHP Carlos Díaz
|
Batting: RHB Paco Castillo
|
0-0: Foul Ball, location: 2F 0-1: Ball 1-1: Foul Ball, location: 2F 1-2: Ball 2-2: Ground out 5-3 (Groundball, 5L)
|
Batting: LHB Junior Coates
|
0-0: Fly out, F7 (Flyball, 7D)
|
Batting: RHB Carlos Alfaro
|
0-0: Foul Ball, location: 2F 0-1: Called Strike 0-2: Ball 1-2: SINGLE (Line Drive, 6MD)
|
Batting: RHB Juan Valverde
|
0-0: Called Strike 0-1: Ball 1-1: SINGLE (Groundball, 56) Carlos Alfaro to second
|
Batting: RHB Danny Walker
|
0-0: Reached on error, E6 (Groundball, 6) Carlos Alfaro to third Juan Valverde to second
|
Batting: RHB António Venecia
|
0-0: Called Strike 0-1: Fly out, F7 (Line Drive, 7M)
|
Bottom of the 3rd over - 0 run(s), 2 hit(s), 1 error(s), 3 left on base; Detroit 0 - Indiana 1 |
TOP OF THE 4TH |
Detroit X-Wings batting - Pitching for Indiana Hounds : RHP José Rivera
|
Batting: RHB Jorge Cora
|
0-0: Ball 1-0: Ball 2-0: Foul Ball, location: 2F 2-1: SINGLE (Line Drive, 8RS)
|
Batting: RHB Enrique Ramírez
|
0-0: Ball 1-0: Ball 2-0: Called Strike 2-1: Ball 3-1: Called Strike 3-2: Foul Ball, location: 2F 3-2: Ground out 5-3 (Groundball, 5S) Jorge Cora to second
|
Batting: RHB Marcos Valdés
|
0-0: Ball 1-0: Ball Jorge Cora steals 3rd base 2-0: Ball 3-0: Called Strike 3-1: Base on Balls
|
Batting: SHB Jaime Montés
|
0-0: Foul Ball, location: 2F 0-1: Ball 1-1: Ball 2-1: Ground out U3 (Groundball, 3S) Jorge Cora scores Marcos Valdés to second
|
Batting: LHB Gonzalo Trujillo
|
0-0: Called Strike 0-1: Foul Ball, location: 2F 0-2: Strikes out swinging
|
Top of the 4th over - 1 run(s), 1 hit(s), 0 error(s), 1 left on base; Detroit 1 - Indiana 1 |
BOTTOM OF THE 4TH |
Indiana Hounds batting - Pitching for Detroit X-Wings : RHP Carlos Díaz
|
Batting: LHB Dave Helásquez
|
0-0: Called Strike 0-1: Foul Ball, location: 2F 0-2: Foul Ball, location: 2F 0-2: Ball 1-2: Ball 2-2: Strikes out looking
|
Batting: RHB Marc Ploughman
|
0-0: SOLO HOME RUN (Line Drive, 78XD), Distance : 395 ft
|
Batting: LHB Pepe Vázquez
|
0-0: Ball 1-0: Ball 2-0: Called Strike 2-1: Ground out 6-3 (Groundball, 6M)
|
Batting: RHB Paco Castillo
|
0-0: Ball 1-0: Foul Ball, location: 2F 1-1: Ball 2-1: SINGLE (Line Drive, 9LS)
|
Batting: LHB Junior Coates
|
0-0: Ball 1-0: Fly out, F7 (Flyball, 7M)
|
Bottom of the 4th over - 1 run(s), 2 hit(s), 0 error(s), 1 left on base; Detroit 1 - Indiana 2 |
TOP OF THE 5TH |
Detroit X-Wings batting - Pitching for Indiana Hounds : RHP José Rivera
|
Batting: SHB Felipe Detorres
|
0-0: Ball 1-0: Ball 2-0: Called Strike 2-1: SINGLE (Groundball, 2L) (infield hit)
|
Batting: RHB Gary Witt
|
0-0: Ball 1-0: Grounds into double play, U6-3 (Groundball, 6)
|
Batting: LHB Juan Jose Pineda
|
0-0: Ground out 4-3 (Groundball, 4M)
|
Top of the 5th over - 0 run(s), 1 hit(s), 0 error(s), 0 left on base; Detroit 1 - Indiana 2 |
BOTTOM OF THE 5TH |
Indiana Hounds batting - Pitching for Detroit X-Wings : RHP Carlos Díaz
|
Batting: RHB Carlos Alfaro
|
0-0: Called Strike 0-1: Ball 1-1: Called Strike 1-2: Ground out 5-3 (Groundball, 5)
|
Batting: RHB Juan Valverde
|
0-0: Called Strike 0-1: Called Strike 0-2: Foul Ball, location: 2F 0-2: DOUBLE (Line Drive, 7LS)
|
Batting: RHB Danny Walker
|
0-0: Ball 1-0: Foul Ball, location: 2F 1-1: SINGLE (Groundball, 2R) (infield hit) Juan Valverde to third
|
Batting: RHB António Venecia
|
0-0: Ball 1-0: Ball 2-0: Called Strike 2-1: Called Strike 2-2: Strikes out swinging
|
Batting: LHB Dave Helásquez
|
0-0: Foul Ball, location: 2F 0-1: Called Strike 0-2: Ball 1-2: Ball 2-2: Strikes out swinging
|
Bottom of the 5th over - 0 run(s), 2 hit(s), 0 error(s), 2 left on base; Detroit 1 - Indiana 2 |
TOP OF THE 6TH |
Detroit X-Wings batting - Pitching for Indiana Hounds : RHP José Rivera
|
Batting: RHB Albert Chávez
|
0-0: Foul Ball, location: 2F 0-1: Ground out 6-3 (Groundball, 6)
|
Batting: RHB Jorge Cora
|
0-0: Hit by Pitch
|
Batting: RHB Enrique Ramírez
|
0-0: Ball 1-0: Called Strike 1-1: Foul Ball, location: 2F 1-2: Foul Ball, location: 2F 1-2: Ball 2-2: Ball 3-2: Grounds into double play, U6-3 (Groundball, 6M)
|
Top of the 6th over - 0 run(s), 0 hit(s), 0 error(s), 0 left on base; Detroit 1 - Indiana 2 |
BOTTOM OF THE 6TH |
Indiana Hounds batting - Pitching for Detroit X-Wings : RHP Carlos Díaz
|
Batting: RHB Marc Ploughman
|
0-0: Called Strike 0-1: Swinging Strike 0-2: Ball 1-2: Strikes out swinging
|
Batting: LHB Pepe Vázquez
|
0-0: Called Strike 0-1: Called Strike 0-2: Foul Ball, location: 2F 0-2: Ball 1-2: Ball 2-2: Ball 3-2: Foul Ball, location: 2F 3-2: Fly out, F6 (Line Drive, 6M)
|
Batting: RHB Paco Castillo
|
0-0: Called Strike 0-1: Ball 1-1: Ball 2-1: Foul Ball, location: 2F 2-2: Foul Ball, location: 2F 2-2: Fly out, F6 (Popup, 6)
|
Bottom of the 6th over - 0 run(s), 0 hit(s), 0 error(s), 0 left on base; Detroit 1 - Indiana 2 |
TOP OF THE 7TH |
Detroit X-Wings batting - Pitching for Indiana Hounds : RHP José Rivera
|
Pitching: LHP Ian DeMichelis
|
|
Batting: RHB Marcos Valdés
|
0-0: DOUBLE (Flyball, 9LD)
|
Pinch Hitting: RHB Raúl Canó
|
0-0: Ground out 6-3 (Groundball, 6M) Marcos Valdés to third
|
Pinch Hitting: SHB Mark Simmons
|
0-0: Ball 1-0: Ball 2-0: Called Strike 2-1: Ball 3-1: 2-RUN HOME RUN (Flyball, 8LXD), Distance : 406 ft
|
Batting: SHB Felipe Detorres
|
0-0: Ball 1-0: Foul Ball, location: 2F 1-1: Foul Ball, location: 2F 1-2: Fly out, F7 (Flyball, 7S)
|
Pitching: RHP Alvin Heath
|
|
Batting: RHB Gary Witt
|
0-0: Hit by Pitch
|
Batting: LHB Juan Jose Pineda
|
0-0: Foul Ball, location: 2F 0-1: Foul Ball, location: 2F 0-2: Strikes out swinging
|
Top of the 7th over - 2 run(s), 2 hit(s), 0 error(s), 1 left on base; Detroit 3 - Indiana 2 |
BOTTOM OF THE 7TH |
Indiana Hounds batting - Pitching for Detroit X-Wings : RHP Carlos Díaz
|
Pitching: LHP Mike O'Brien
|
|
Now at 1B: Mark Simmons
|
|
Now in CF: Raúl Canó
|
|
Batting: LHB Junior Coates
|
0-0: Called Strike 0-1: Ball 1-1: Ball 2-1: Swinging Strike 2-2: Strikes out swinging
|
Pitching: RHP Jorge Blanco
|
|
Batting: RHB Carlos Alfaro
|
0-0: Ball 1-0: Ball 2-0: Ball 3-0: Base on Balls
|
Batting: RHB Juan Valverde
|
0-0: Ball 1-0: Ball 2-0: Ball 3-0: Called Strike 3-1: SINGLE (Groundball, 56D) Carlos Alfaro to second
|
Pinch Hitting: LHB Diego Torres
|
0-0: Foul Ball, location: 2F 0-1: Called Strike 0-2: Ball 1-2: Strikes out looking
|
Batting: RHB António Venecia
|
0-0: Called Strike 0-1: Fielders Choice at 2nd, U6 (Groundball, 6M)
|
Bottom of the 7th over - 0 run(s), 1 hit(s), 0 error(s), 2 left on base; Detroit 3 - Indiana 2 |
TOP OF THE 8TH |
Detroit X-Wings batting - Pitching for Indiana Hounds : RHP Alvin Heath
|
Now at 2B: Víctor Chávez
|
|
Batting: RHB Albert Chávez
|
0-0: Ball 1-0: Ground out 1-3 (Groundball, 13)
|
Batting: RHB Jorge Cora
|
0-0: Ball 1-0: Ball 2-0: Ball 3-0: Base on Balls
|
Batting: RHB Enrique Ramírez
|
0-0: Ball 1-0: Swinging Strike 1-1: Fielders Choice at 2nd, 6-4 (Groundball, 6M)
|
Batting: RHB Marcos Valdés
|
0-0: Called Strike 0-1: Ball 1-1: Ball 2-1: Ball 3-1: SINGLE (Line Drive, 6MD) Enrique Ramírez to second
|
Pitching: RHP Estefan Jiménez
|
|
Batting: RHB Raúl Canó
|
0-0: Called Strike 0-1: Ground out 4-3 (Groundball, 4)
|
Top of the 8th over - 0 run(s), 1 hit(s), 0 error(s), 2 left on base; Detroit 3 - Indiana 2 |
BOTTOM OF THE 8TH |
Indiana Hounds batting - Pitching for Detroit X-Wings : RHP Jorge Blanco
|
Pitching: RHP Walt Burton
|
|
Batting: LHB Dave Helásquez
|
0-0: Ball 1-0: Ball 2-0: SINGLE (Groundball, 34D)
|
Pinch Runner at 1st Doug Murray:
|
|
Batting: RHB Marc Ploughman
|
0-0: Bunted foul 0-1: Sac Bunt - play at first, batter OUT! 1-4 Doug Murray to second
|
Pinch Hitting: LHB Clint Parkinson
|
0-0: Ball 1-0: Called Strike 1-1: Ball 2-1: Ground out 4-3 (Groundball, 4M) Doug Murray to third
|
Pinch Hitting: LHB Mark Thomas
|
0-0: Ball 1-0: Ball 2-0: Ball 3-0: Base on Balls
|
Batting: LHB Junior Coates
|
0-0: Ball 1-0: Ground out U3 (Groundball, 3S)
|
Bottom of the 8th over - 0 run(s), 1 hit(s), 0 error(s), 2 left on base; Detroit 3 - Indiana 2 |
TOP OF THE 9TH |
Detroit X-Wings batting - Pitching for Indiana Hounds : RHP Estefan Jiménez
|
Pitching: LHP Pedro Torres
|
|
Now at 1B: Clint Parkinson
|
|
Now in CF: Doug Murray
|
|
Now in RF: Mark Thomas
|
|
Batting: SHB Mark Simmons
|
0-0: SOLO HOME RUN (Flyball, 7D), Distance : 355 ft
|
Batting: SHB Felipe Detorres
|
0-0: Called Strike 0-1: Swinging Strike 0-2: Ball 1-2: Fly out, F8 (Flyball, 8LM)
|
Batting: RHB Gary Witt
|
0-0: Called Strike 0-1: Ball 1-1: Foul Ball, location: 2F 1-2: Ball 2-2: Strikes out swinging
|
Batting: LHB Juan Jose Pineda
|
0-0: SINGLE (Line Drive, 34D)
|
Batting: RHB Albert Chávez
|
0-0: Called Strike Juan Jose Pineda is caught stealing 2nd base
|
Top of the 9th over - 1 run(s), 2 hit(s), 0 error(s), 0 left on base; Detroit 4 - Indiana 2 |
BOTTOM OF THE 9TH |
Indiana Hounds batting - Pitching for Detroit X-Wings : RHP Walt Burton
|
Pitching: RHP Salvador Vélez
|
|
Batting: RHB Carlos Alfaro
|
0-0: Ball 1-0: Hit by Pitch
|
Batting: RHB Juan Valverde
|
0-0: Called Strike 0-1: Foul Ball, location: 2F 0-2: Ball Passed Ball! Carlos Alfaro to second 1-2: Strikes out swinging
|
Batting: RHB Víctor Chávez
|
0-0: Called Strike 0-1: Ball 1-1: SINGLE (Line Drive, 4M) Carlos Alfaro to third
|
Pinch Hitting: LHB Wilson Torres
|
0-0: Foul Ball, location: 2F 0-1: Ball 1-1: Foul Ball, location: 2F 1-2: Ball 2-2: Foul Ball, location: 2F 2-2: Ball 3-2: Fly out, F7 (Flyball, 7D) Runner from 3rd tags up, SCORES, no throw
|
Batting: RHB Doug Murray
|
0-0: Swinging Strike 0-1: Ball 1-1: Ball 2-1: Called Strike 2-2: Foul Ball, location: 2F 2-2: Foul Ball, location: 2F 2-2: Ball 3-2: Strikes out looking
|
Bottom of the 9th over - 1 run(s), 1 hit(s), 0 error(s), 1 left on base; Detroit 4 - Indiana 3 |
|